Map: Winter's Gate LE

Players

Lolebiv

  • Race: Zerg Zerg
  • League: Master
  • Spawn Location: 5:00

Antis - Winner!

  • Race: Protoss Protoss
  • League: Grandmaster
  • Spawn Location: 11:00

VOD

Have the link to the VOD?

Description

Time

  • Played on: Nov. 13, 2019, 5:33 p.m.
  • Length: 17:00
Show
View Real Time Build Order
Export as new Build Order

Lolebiv Zerg 

Build Orders: Hatch First, Roach Hydra 

Get SALT Encoding   

  12  0:00  Drone  
  13  0:13  Overlord  
  13  0:17  Drone  
  14  0:31  Drone x2  
  16  0:37  Drone  
  17  0:54  Hatchery  
  16  0:59  Drone x2  
  18  1:08  Drone  
  19  1:19  Spawning Pool  
  19  1:23  Drone  
  19  1:28  Drone  
  20  1:47  Hatchery  
  20  1:50  Drone x2  
  21  2:03  Overlord  
  21  2:08  Queen  
  21  2:09  Queen  
  21  2:15  Drone  
  26  2:29  Zergling x4  
  29  2:30  Zergling x2  
  29  2:32  Drone  
  30  2:39  Overlord  
  30  2:43  Drone  
  30  2:44  Drone  
  32  2:49  Queen  
  32  2:50  Queen  
  36  3:00  Extractor  
  36  3:01  Extractor  
  33  3:06  Spore Crawler  
  33  3:10  Drone x5  
  33  3:11  Drone  
  39  3:20  Drone x6  
  39  3:26  Zergling x6  
  45  3:37  Drone x4  
  45  3:41  Drone  
  50  3:48  Overlord x2  
  50  4:01  Lair  
  50  4:04  Drone, Roach Warren  
  50  4:05  Overlord  
  50  4:07  Drone x3  
  53  4:13  Drone  
  53  4:14  Drone x3  
  53  4:16  Drone  
  58  4:24  Drone x3  
  59  4:31  Drone x3  
  64  4:44  Roach x5  
  74  4:49  Overlord x4  
  69  5:13  Drone x10  
  71  5:24  Drone x3  
  71  5:25  Drone x4  
  78  5:30  Glial Reconstitution  
  78  5:33  Evolution Chamber  
  78  5:35  Hydralisk Den, Extractor  
  75  5:36  Drone, Extractor  
  75  5:37  Drone x2  
  75  5:38  Overseer  
  77  5:46  Hatchery  
  76  5:50  Drone x5  
  76  5:53  Drone  
  77  6:01  Spore Crawler  
  77  6:03  Spore Crawler x2  
  74  6:09  Grooved Spines  
  74  6:10  Zerg Missile Weapons Level 1  
  74  6:15  Drone  
  74  6:16  Drone x3  
  74  6:17  Drone x7  
  85  6:20  Extractor, Queen  
  85  6:21  Extractor  
  78  6:35  Drone  
  78  6:36  Drone  
  78  6:37  Drone x3  
  78  6:38  Drone x2  
  84  6:57  Drone  
  84  6:58  Drone x2, Hydralisk x5  
  84  7:01  Spore Crawler  
  94  7:16  Drone  
  94  7:18  Hydralisk  
  94  7:19  Overlord, Infestation Pit  
  94  7:20  Overlord x3  
  96  7:23  Drone, Spire  
  96  7:24  Muscular Augments  
  96  7:26  Overlord  
  96  7:27  Overlord x6  
  88  7:50  Hydralisk x14  
  112  7:59  Roach x6  
  102  8:27  Hydralisk x9  
  90  8:30  Queen  
  90  8:33  Drone  
  111  8:43  Hatchery  
  110  8:50  Drone x13  
  110  8:51  Drone  
  124  8:56  Zerg Flyer Armor Level 1  
  108  9:09  Extractor  
  105  9:13  Hatchery  
  104  9:18  Extractor, Pathogen Glands  
  104  9:21  Drone x3  
  104  9:22  Drone x3  
  109  9:44  Infestor x3  
  109  9:45  Infestor  
  117  9:49  Hydralisk  
  117  9:50  Hydralisk x8  
  135  9:55  Hydralisk x2  
  139  10:06  Hydralisk x4  
  147  10:08  Overlord x3  
  147  10:15  Hive  
  147  10:16  Hydralisk  
  147  10:17  Hydralisk  
  151  10:23  Extractor, Spore Crawler  
  151  10:26  Extractor  
  127  10:39  Drone x13  
  140  10:46  Drone x5  
  140  10:47  Drone x4  
  145  11:06  Hydralisk x10  
  165  11:20  Hydralisk x9  
  165  11:21  Hydralisk x4  
  191  11:30  Hydralisk x4  
  165  11:45  Hydralisk x3  
  165  11:46  Hydralisk x6  
  131  12:03  Drone x5  
  131  12:04  Drone x3  
  137  12:13  Zerg Flyer Weapons Level 1  
  137  12:24  Zerg Melee Weapons Level 1  
  137  12:27  Metabolic Boost  
  137  12:29  Hydralisk  
  137  12:30  Hydralisk x7  
  137  12:32  Zergling x10  
  158  12:43  Spore Crawler  
  157  12:58  Zergling x22  
  158  12:59  Zergling x14  
  173  13:34  Queen  
  173  13:36  Mutalisk x12  
  198  13:46  Hatchery, Adrenal Glands  
  179  14:09  Zerg Flyer Armor Level 2  
  174  14:10  Corruptor x5  
  174  14:11  Corruptor x7  
  197  14:35  Corruptor x4  
  197  14:36  Extractor  
  179  14:51  Extractor  
  149  15:03  Zergling x8  
  149  15:04  Zergling x42  
  121  15:45  Hatchery  
  121  15:49  Drone x9  
  127  15:50  Drone x14  
  127  15:51  Drone x2  
  127  15:52  Drone  
  140  16:00  Zergling x6  
  117  16:20  Mutalisk  
  117  16:21  Mutalisk x10  
Show
View Real Time Build Order
Export as new Build Order

Antis Protoss - Winner!

Build Orders: 1 Gate Expand, Carriers 

Get SALT Encoding   

  12  0:00  Probe  
  13  0:13  Probe  
  14  0:20  Pylon  
  14  0:25  Probe  
  15  0:38  Probe (Chrono Boost)  
  15  0:41  Gateway  
  16  0:49  Probe (Chrono Boost)  
  17  0:54  Probe (Chrono Boost)  
  18  0:57  Assimilator  
  18  1:04  Probe  
  19  1:16  Probe  
  20  1:19  Pylon  
  21  1:35  Nexus  
  21  1:39  Cybernetics Core  
  20  1:43  Probe  
  21  1:48  Assimilator  
  21  1:55  Probe  
  21  1:57  Pylon  
  22  2:07  Probe  
  23  2:13  Adept (Chrono Boost)  
  23  2:16  Warp Gate  
  23  2:20  Probe  
  26  2:25  Gateway  
  26  2:32  Probe  
  26  2:33  Adept (Chrono Boost)  
  30  2:44  Probe (Chrono Boost)  
  30  2:47  Twilight Council, Probe (Chrono Boost)  
  31  2:55  Adept  
  34  3:00  Probe (Chrono Boost)  
  34  3:02  Probe (Chrono Boost)  
  35  3:06  Probe (Chrono Boost)  
  35  3:08  Probe (Chrono Boost)  
  37  3:13  Adept  
  37  3:14  Probe  
  40  3:20  Probe  
  40  3:22  Pylon  
  40  3:27  Probe  
  42  3:30  Resonating Glaives (Chrono Boost)  
  42  3:32  Probe  
  43  3:37  Adept  
  43  3:39  Probe  
  44  3:44  Probe  
  45  3:51  Probe  
  45  3:55  Pylon  
  46  3:56  Probe  
  47  4:03  Probe  
  47  4:05  Gateway  
  47  4:06  Adept  
  47  4:08  Probe  
  51  4:14  Stargate x2  
  51  4:15  Probe  
  52  4:18  Adept  
  52  4:21  Probe  
  52  4:22  Assimilator  
  52  4:23  Assimilator  
  55  4:26  Stalker  
  55  4:27  Probe  
  58  4:33  Probe, Pylon  
  59  4:39  Probe  
  59  4:45  Probe  
  62  5:00  Probe x2  
  62  5:01  Oracle x2  
  65  5:14  Adept x2  
  65  5:22  Nexus  
  65  5:26  Pylon  
  63  5:31  Forge, Stargate  
  63  5:34  Pylon  
  63  5:38  Oracle  
  63  5:39  Shield Battery  
  63  5:40  Probe x2  
  68  5:49  Shield Battery  
  68  5:52  Probe x2  
  68  5:53  Pylon  
  64  5:57  Adept x2  
  64  5:58  Adept  
  70  6:04  Probe  
  70  6:06  Probe  
  70  6:10  Photon Cannon, Oracle  
  75  6:16  Probe, Oracle  
  79  6:22  Adept  
  81  6:29  Oracle  
  85  6:32  Probe  
  85  6:33  Probe  
  86  6:40  Probe  
  86  6:42  Assimilator  
  86  6:44  Assimilator, Probe  
  86  6:45  Probe  
  89  6:52  Probe  
  89  6:53  Nexus  
  86  6:57  Probe x2  
  86  6:59  Oracle x2  
  92  7:04  Probe  
  92  7:07  Pylon  
  93  7:08  Photon Cannon  
  93  7:09  Probe x2  
  93  7:11  Oracle  
  98  7:16  Probe  
  98  7:17  Pylon  
  98  7:20  Stalker  
  98  7:21  Probe, Stalker x2  
  106  7:23  Probe  
  106  7:28  Probe  
  108  7:33  Probe  
  108  7:35  Probe  
  109  7:38  Oracle  
  109  7:40  Photon Cannon, Probe  
  109  7:41  Photon Cannon  
  109  7:43  Shield Battery  
  113  7:45  Pylon, Probe  
  113  7:47  Probe  
  115  7:52  Probe  
  115  7:55  Protoss Air Weapons Level 1 (Chrono Boost)  
  115  7:57  Probe  
  115  7:58  Oracle x2  
  123  7:59  Probe  
  123  8:04  Probe  
  125  8:07  Probe  
  125  8:09  Probe  
  125  8:11  Probe  
  125  8:15  Oracle  
  125  8:16  Probe  
  121  8:21  Probe  
  114  8:28  Assimilator x2  
  114  8:30  Pylon  
  114  8:31  Shield Battery  
  114  8:32  Shield Battery, Photon Cannon  
  114  8:34  Photon Cannon  
  114  8:35  Oracle x2  
  114  8:36  Probe x2  
  114  8:37  Probe  
  114  8:41  Protoss Ground Weapons Level 1 (Chrono Boost)  
  118  8:45  Stalker x3  
  123  8:55  Oracle  
  126  8:56  Nexus  
  126  9:02  Photon Cannon  
  126  9:03  Blink (Chrono Boost), Probe x2  
  126  9:04  Probe  
  129  9:12  Oracle, Adept  
  129  9:13  Stargate  
  129  9:14  Stargate  
  134  9:19  Gateway  
  134  9:21  Gateway  
  134  9:22  Pylon  
  134  9:23  Probe x3, Gateway  
  137  9:25  Gateway  
  137  9:42  Oracle x2  
  143  9:51  Photon Cannon  
  143  9:52  Photon Cannon  
  143  9:55  Photon Cannon x2  
  143  9:57  Photon Cannon  
  143  9:58  Shield Battery, Pylon  
  143  10:00  Shield Battery, Assimilator  
  143  10:01  Assimilator  
  143  10:02  Pylon  
  143  10:03  Photon Cannon  
  143  10:05  Photon Cannon  
  143  10:13  Gateway  
  143  10:16  Pylon  
  143  10:18  Fleet Beacon  
  143  10:24  Oracle  
  143  10:25  Oracle x4  
  158  10:39  Stalker x6  
  158  10:40  Stalker  
  172  10:45  Protoss Ground Weapons Level 2  
  172  10:48  Forge  
  172  10:56  Charge  
  172  11:05  Stalker x3  
  172  11:06  Stalker x4  
  172  11:11  Pylon  
  186  11:12  Robotics Facility  
  186  11:20  Stalker  
  186  11:23  Protoss Ground Armor Level 1  
  188  11:29  Stalker x6  
  196  11:39  Carrier (Chrono Boost), Stalker  
  188  11:48  Carrier (Chrono Boost)  
  188  11:54  Carrier x2 (Chrono Boost)  
  167  12:05  Stalker x6  
  167  12:07  Stalker  
  179  12:11  Observer  
  180  12:22  Cybernetics Core  
  180  12:26  Photon Cannon  
  180  12:29  Protoss Air Weapons Level 2 (Chrono Boost)  
  180  12:31  Photon Cannon  
  180  12:35  Observer  
  181  12:37  Zealot x6  
  193  12:56  Observer  
  193  12:58  Carrier  
  199  13:02  Templar Archives  
  199  13:08  Pylon  
  199  13:17  Observer  
  188  13:21  Protoss Air Armor Level 1  
  188  13:30  Carrier x2  
  200  13:39  Gateway  
  200  13:41  Gateway  
  200  13:45  Gateway  
  198  14:05  Zealot  
  200  14:14  Dark Shrine  
  200  14:16  Psionic Storm  
  200  14:22  Nexus  
  200  14:25  Photon Cannon  
  200  14:27  Photon Cannon  
  200  14:29  Pylon  
  184  14:48  Stalker x3  
  184  14:49  Stalker x5  
  187  15:05  Carrier x3  
  195  15:11  Carrier  
  193  15:27  Stalker x5  
  193  15:28  Stalker x3  
  175  15:35  Pylon  
  154  15:58  Zealot x11  
  165  16:15  Photon Cannon x2, Probe x4  
  165  16:16  Photon Cannon, Probe  
  170  16:19  High Templar x4  
  170  16:20  High Templar  
  172  16:40  Zealot x3  
  174  16:48  High Templar  
  174  16:49  High Templar x2  
  174  16:53  Archon x3  
  178  16:54  Archon  
  178  16:55  High Templar  
  178  16:56  High Templar x4  
Tags
 
Add a new tag
Caveats
  • Supply blocks, unpowered buildings, or Contaminate may cause inaccurate times.
  • Supply counts are checked every 10 seconds.